 Dungeon Crawl Stone Soup version 0.17.1-2-g5865329 (webtiles) character file.

326 PossumBlood the Magician (level 6, -4/32 HPs)
             Began as a Deep Elf Wizard on Jan 23, 2016.
             Slain by Pikel
             ... wielding a +0 whip of electrocution
              (12 damage)
             ... on level 5 of the Dungeon.
             The game lasted 00:14:36 (4651 turns).

PossumBlood the Magician (Deep Elf Wizard)          Turns: 4651, Time: 00:14:36

Health: -4/32      AC:  7    Str:  4    XL:     6   Next: 24%
Magic:  2/18       EV: 12    Int: 25    God:
Gold:   236        SH:  0    Dex: 13    Spells: 6 memorised, 6 levels left

rFire  . . .     SeeInvis .     e - +1 dagger (venom)
rCold  . . .     Clarity  .     a - +0 robe
rNeg   . . .     SustAt   .     (no shield)
rPois  .         Gourm    .     b - +0 hat
rElec  .         Spirit   .     f - +0 cloak
rCorr  .         Warding  .     h - +0 pair of gloves
rMut   .         Stasis   .     p - +2 pair of boots
MR     .....                    (no amulet)
Stlth  +++.......               (no ring)
                                w - ring of stealth

@: very slightly contaminated, repel missiles, not resistant to hostile
enchantments, fairly stealthy
A: no striking features
a: no special abilities


You were on level 5 of the Dungeon.
You were hungry.

You visited 1 branch of the dungeon, and saw 5 of its levels.

You collected 236 gold pieces.

Inventory:

Hand Weapons
 e - a +1 dagger of venom (weapon)
 q - a +1 quarterstaff
Armour
 a - a +0 robe (worn)
 b - a +0 hat (worn)
 f - a +0 cloak (worn)
 h - a +0 pair of gloves (worn)
 p - a +2 pair of boots (worn)
Jewellery
 t - an uncursed ring of ice
 w - a ring of stealth (left hand)
Wands
 l - a wand of flame (48)
Scrolls
 r - a scroll of teleportation
Potions
 d - a potion of lignification {unknown}
 g - a potion of invisibility {unknown}
 i - a potion of heal wounds
 m - a potion of ambrosia {unknown}
 o - 2 potions of might
 s - a potion of brilliance {unknown}
 u - a potion of degeneration {unknown}
Books
 c - a book of Minor Magic

   Spells                             Type                      Level
   a - Magic Dart                     Conjuration                  1
   b - Blink                          Translocation                2
   c - Call Imp                       Summoning                    2
   d - Repel Missiles                 Charms/Air                   2
   e - Slow                           Hexes                        2
   f - Conjure Flame                  Conjuration/Fire             3
   g - Mephitic Cloud                 Conjuration/Poison/Air       3


   Skills:
 - Level 2.4 Dodging
 - Level 2.4 Stealth
 + Level 7.3 Spellcasting
 + Level 5.0 Conjurations
   Level 1.1 Summonings
 - Level 1.1 Translocations


You had 6 spell levels left.
You knew the following spells:

 Your Spells              Type           Power        Failure   Level  Hunger
a - Magic Dart            Conj           ####         1%          1    None
b - Blink                 Tloc           N/A          10%         2    None
c - Repel Missiles        Chrm/Air       #.....       12%         2    None
d - Slow                  Hex            #.......     12%         2    None
e - Conjure Flame         Conj/Fire      ###.....     10%         3    None
f - Mephitic Cloud        Conj/Pois/Air  ###.....     12%         3    None


Dungeon Overview and Level Annotations

Branches:
Dungeon (5/15)
 Temple: D:4-7

Altars:
Okawaru
Trog
Yredelemnul

Annotations:
D:4 Menkaure; riffraff's ghost, amateur DsBe
D:5 Pikel


Message History

Pikel misses you.
Casting: Magic Dart
Confirm with . or Enter, or press ? or * to list all spells.
Aiming: Magic Dart
Press: ? - help, Shift-Dir - straight line, f/p - Pikel
Aim: Pikel, wielding a whip of electrocution and wearing a robe (severely wounded)
The magic dart hits Pikel.
Pikel is severely wounded.
Pikel completely misses you.
Casting: Magic Dart
Confirm with . or Enter, or press ? or * to list all spells.
Aiming: Magic Dart
Press: ? - help, Shift-Dir - straight line, f/p - Pikel
Aim: Pikel, wielding a whip of electrocution and wearing a robe (severely wounded)
The magic dart hits Pikel.
Pikel is almost dead.
Pikel hits you with a whip of electrocution.
* * * LOW HITPOINT WARNING * * *
You are electrocuted!
You die...

.............#######
.............'.....+
.............####### .#
.............'...###...#
.....(.......##........'
...........<.....###...
..###...##....#....+ ###
#>.. #.##.##.###
#####...#.....##@# ....+
+........K...>.# ...##
#..#####.#...... .# ..
..#...... ... ..... .###
..... . .... .. ....


You could see Pikel.

Vanquished Creatures
  2 slaves (D:5)
  A crimson imp (D:3)
  Terence (D:2)
  2 orc wizards (D:3)
  A hound zombie (D:5)
  3 gnolls (D:2)
  7 adders
  An ooze (D:3)
  3 worms
  A giant gecko (D:2)
  12 orcs
  7 giant cockroaches
  7 goblins
  9 hobgoblins
  2 jackals (D:1)
  9 kobolds
  2 quokkas (D:2)
  A ball python (D:2)
  8 bats
  4 giant newts
  2 gnoll zombies (D:4)
  9 rats
94 creatures vanquished.

Notes
Turn   | Place    | Note
--------------------------------------------------------------
     0 | D:1      | PossumBlood the Deep Elf Wizard began the quest for the Orb.
     0 | D:1      | Reached XP level 1. HP: 10/10 MP: 7/7
   438 | D:1      | Reached XP level 2. HP: 15/15 MP: 6/9
   442 | D:1      | Learned a level 2 spell: Blink
   445 | D:1      | Learned a level 2 spell: Repel Missiles
   448 | D:1      | Learned a level 2 spell: Slow
  1031 | D:1      | Reached skill level 5 in Spellcasting
  1272 | D:2      | Reached XP level 3. HP: 19/19 MP: 6/11
  1369 | D:2      | Found a faded altar to an unknown god.
  1509 | D:2      | Found a bloodstained altar of Trog.
  1836 | D:2      | Reached XP level 4. HP: 24/24 MP: 8/13
  1876 | D:2      | Learned a level 3 spell: Conjure Flame
  1880 | D:2      | Learned a level 3 spell: Mephitic Cloud
  1884 | D:2      | Noticed Terence
  1895 | D:2      | Killed Terence
  2015 | D:2      | Reached skill level 6 in Spellcasting
  2244 | D:2      | Reached XP level 5. HP: 28/28 MP: 2/15
  2610 | D:2      | Found an iron altar of Okawaru.
  3275 | D:3      | Reached skill level 7 in Spellcasting
  3526 | D:3      | Reached XP level 6. HP: 29/32 MP: 10/18
  3824 | D:4      | Noticed riffraff's ghost (amateur DsBe)
  4136 | D:4      | Found a basalt altar of Yredelemnul.
  4155 | D:4      | Noticed Pikel
  4162 | D:4      | Noticed Menkaure
  4343 | D:5      | Entered Level 5 of the Dungeon
  4634 | D:5      | Reached skill level 5 in Conjurations
  4651 | D:5      | Slain by Pikel

Action                   |  1- 3 |  4- 6 || total
-------------------------+-------+-------++-------
Melee: Dagger            |     8 |     5 ||    13
 Cast: Magic Dart        |   104 |   194 ||   298
       Repel Missiles    |     1 |       ||     1
       Conjure Flame     |       |     9 ||     9
  Use: Scroll            |       |     8 ||     8
       Potion            |       |     1 ||     1
  Eat: Pizza             |     1 |       ||     1
       Bread ration      |     1 |       ||     1
       Chunk             |       |     3 ||     3
       Beef jerky        |       |     1 ||     1
